 Dungeon Crawl Stone Soup version 0.25-a0-697-g890751e744 (webtiles) character file.

Game seed: 15721843173725725388, levelgen mode: deterministic

156494 MisterFreud the Spry (level 16, -19/127 HPs)
             Began as a Felid Berserker on Mar 31, 2020.
             Was the Champion of Trog.
             Demolished by a spriggan rider
             ... wielding a +0 spear
              (20 damage)
             ... on level 4 of the Swamp on Apr 1, 2020.
             The game lasted 02:19:57 (55961 turns).

MisterFreud the Spry (Felid Berserker)             Turns: 55961, Time: 02:19:59

Health: -19/127    AC:  3    Str: 18    XL:     16   Next: 48%
Magic:  26/26      EV: 37    Int:  9    God:    Trog [******]
Gold:   753        SH:  0    Dex: 22    Spells: 15/15 levels left
                                        Lives:  0   Deaths: 3

rFire    . . .     SeeInvis +     - Unarmed
rCold    + . .     Gourm    .   (shield unavailable)
rNeg     . . .     Faith    .   (armour unavailable)
rPois    +         Spirit   .   (helmet unavailable)
rElec    .         Reflect  .   (cloak unavailable)
rCorr    .         Harm     .   (gloves unavailable)
MR       ++...                  (boots unavailable)
Stlth    ..........             c - amulet of the acrobat
HPRegen  0.31/turn              r - +5 ring of strength
MPRegen  0.20/turn              n - ring of poison resistance

@: berserking, very quick
A: very small, no armour, no weapons or thrown items, stealth, claws 1, fangs 3,
see invisible, carnivore, speed 1, shaggy fur 3, slow metabolism 1, sharp paws
}: 2/15 runes: decaying, gossamer
a: Berserk, Trog's Hand, Brothers in Arms, Renounce Religion


You were on level 4 of the Swamp.
You worshipped Trog.
Trog was exalted by your worship.
You were full.

You visited 5 branches of the dungeon, and saw 31 of its levels.

You collected 3367 gold pieces.
You spent 2614 gold pieces at shops.

Inventory:

Jewellery
 c - an amulet of the acrobat (around neck)
 i - an uncursed ring of ice
 k - an uncursed ring of resist corrosion
 n - a ring of poison resistance (right paw)
 r - a +5 ring of strength (left paw)
 A - an uncursed ring of protection from fire
 K - an uncursed ring of protection from fire
 N - an uncursed ring of protection from magic
 U - an uncursed ring of protection from cold
Wands
 p - a wand of iceblast (18)
 F - a wand of acid (17)
 G - a wand of enslavement (7)
 I - a wand of random effects (14)
 M - a wand of polymorph (11)
 P - a wand of paralysis (17)
 Q - a wand of digging (3)
 R - a wand of disintegration (27)
 T - a wand of flame (16)
 W - a wand of clouds (14)
Scrolls
 b - 12 scrolls of teleportation
 g - 3 scrolls of immolation
 h - 6 scrolls of fear
 m - a scroll of silence
 o - 2 scrolls of fog
 s - 10 scrolls of remove curse
 u - 2 scrolls of blinking
 x - 4 scrolls of magic mapping
 B - 7 scrolls of identify
 C - a scroll of holy word
Potions
 d - 2 potions of cancellation
 e - 7 potions of stabbing
 f - 7 potions of heal wounds
 j - 2 potions of mutation
 l - 8 potions of curing
 q - 4 potions of flight
 t - 3 potions of lignification
 v - 5 potions of haste
 w - 3 potions of brilliance
 z - 5 potions of might
 D - a potion of invisibility
 E - 3 potions of resistance
 H - 8 potions of ambrosia
 J - 5 potions of berserk rage
 S - a potion of magic
Miscellaneous
 y - a lightning rod (4/4)
 X - 3 boxes of beasts
 Y - a phial of floods
Comestibles
 a - 45 rations


   Skills:
 + Level 17.9 Fighting
 - Level 20.0 Dodging
 + Level 13.9 Stealth
 + Level 17.9 Unarmed Combat
 + Level 12.5 Evocations


You had 15 spell levels left.
You didn't know any spells.
Your spell library was empty.

Dungeon Overview and Level Annotations

Branches:
Dungeon (15/15)            Temple (0/1) D:5            Lair (6/6) D:9
  Swamp (4/4) Lair:4       Spider (4/4) Lair:2        Slime (0/5) Lair:5
    Orc (2/2) D:9             Elf (0/3) Orc:2        Vaults (0/5) D:14
 Depths (0/5) D:15

Altars:
Cheibriados
Dithmenos
Elyvilon
Kikubaaqudgha
Makhleb
Qazlal
Vehumet
Xom
Yredelemnul
Zin
The Shining One
Beogh

Shops:
D:6 *   D:8 *=*!   Orc:1 :}([?   Orc:2 (=:}

Annotations:
D:6 3 runed translucent doors, Thantalas's ghost, novice TrFi
D:8 2 exclusions
Lair:1 2 transporters
Lair:2 1 runed translucent door
Lair:5 exclusion: oklob plant
Spider:2 3 runed translucent doors, Armakuni's ghost, adept HuMo


Innate Abilities, Weirdness & Mutations

You cannot wear armour.
You are incapable of wielding weapons or throwing items.
Your paws allow you to move quietly. (Stealth)
You have sharp claws.
You have razor-sharp teeth.
You have supernaturally acute eyesight. (SInv)
You are carnivorous and can eat meat at any time.
You cover ground quickly.
Your thick and shaggy fur keeps you warm. (AC +3, rC+)
You have a slow metabolism.
Your sharp claws are effective at attacking unaware monsters.


Message History

Unknown command.
Unknown command.
You scratch the alligator.
The alligator is lightly wounded.
You claw the alligator!
The alligator is moderately wounded.
The alligator completely misses you. x2
You claw the alligator!
The alligator is heavily wounded.
The spriggan rider misses you.
You claw the alligator!
The alligator is severely wounded.
The alligator completely misses you. x2
You mangle the alligator!! Your claw misses the alligator.
You bite the alligator!
You feel the power of Trog in you as your rage grows.
You kill the alligator!
Trog accepts your kill.
The spriggan rider hits you from afar with a +0 spear!!
You die...

♣♣≈.♣♣♣≈.≈.♣♣ ≈≈.
♣≈≈≈♣.≈♣.≈≈≈♣ ≈...
♣♣♣♣.♣♣♣........
....♣♣♣♣♣..≈.≈♣..≈.≈♣≈≈≈
≈≈.≈§≈.≈††≈.♣≈.....♣≈≈≈♣
..≈≈≈≈≈≈≈≈≈≈..≈≈≈.≈≈≈≈≈≈
≈≈≈≈≈≈≈≈≈≈≈.≈≈≈≈≈♣♣≈≈≈≈≈
≈≈≈≈.≈≈≈≈≈≈♣♣....≈♣≈≈≈≈≈
≈≈≈≈≈≈≈@†§≈♣♣.≈≈≈≈§≈≈≈≈♣
≈≈≈≈≈≈≈≈≈≈♣♣♣♣≈...≈.♣≈♣≈
≈≈≈≈≈≈.≈≈i..≈♣♣♣♣♣..≈♣≈≈
...≈≈≈≈≈≈≈.≈§.♣ ♣♣♣♣...
..§§≈≈≈≈≈..≈.♣♣ ♣≈..
≈≈≈≈≈≈≈...≈≈♣♣ ♣...
≈≈..≈≈≈≈≈≈≈.. ♣♣♣.
.≈♣≈......≈..≈ ♣♣♣.
♣♣≈.≈


You could see a spriggan rider.

Vanquished Creatures
  Rupert (Lair:3)
  Agnes (Spider:2)
  3 thorn hunters
  6 emperor scorpions (Spider:4)
  Louise (Swamp:3)
  2 ghost moths (Spider:4)
  3 entropy weavers
  A very ugly thing (Swamp:1)
  A dire elephant (Lair:5)
  Snorg (Lair:6)
  A fire dragon (D:14)
  25 hydras
  Harold (Lair:2)
  A yaktaur captain (D:15)
  4 ogre magi
  A shambling mangrove (Swamp:1)
  2 catoblepae
  20 two-headed ogres
  7 alligators
  5 centaur warriors
  9 death yaks
  Urug (D:14)
  A fire crab (Spider:4)
  Nergalle (Lair:1)
  5 skeletal warriors (D:13)
  5 spriggan druids
  4 unseen horrors
  2 deep trolls (Orc:2)
  An unseen horror (shapeshifter) (D:14)
  12 swamp dragons
  A wizard (D:14)
  4 orc knights
  2 deep elf magi (D:14)
  4 harpies
  3 orb spiders
  An orc sorcerer (Orc:2)
  12 ugly things
  28 wolf spiders
  10 cyclopes
  3 manticores
  2 moths of wrath (Spider:4)
  17 elephants
  3 black mambas
  19 spiny frogs
  Maggie (Lair:2)
  2 gargoyles
  7 torpor snails
  10 demonic crawlers
  5 rime drakes
  4 kobold demonologists
  A yaktaur (D:14)
  A freezing wraith (D:14)
  A tengu conjurer (D:14)
  10 komodo dragons
  17 trolls
  2 wind drakes
  13 polar bears
  A harpy zombie (D:15)
  38 jumping spiders
  A queen bee (Spider:4)
  9 hornets
  2 raiju (Lair:6)
  16 slime creatures
  15 blink frogs
  8 tyrant leeches
  5 bog bodies
  10 hippogriffs
  5 dream sheep
  29 tarantellas
  74 redbacks
  11 spriggans
  3 shadows
  2 vampires (D:13)
  2 wraiths
  5 wyverns
  63 yaks
  16 humans
  5 basilisks
  A golden eye (shapeshifter) (D:15)
  3 hungry ghosts
  14 vampire mosquitoes
  19 swamp worms
  10 wargs
  An acid dragon (D:13)
  A soldier ant (D:15)
  13 water moccasins
  13 hell hounds (Lair:6)
  A two-headed ogre zombie (D:9)
  8 porcupines
  11 swamp drakes
  24 orc warriors
  A hornet zombie (D:15)
  7 ice beasts
  12 black bears
  4 necrophages
  2 eyes of draining
  4 phantoms
  26 ogres
  4 sky beasts
  20 centaurs
  35 wolves
  16 crocodiles
  8 big kobolds
  13 bullfrogs
  4 scorpions
  A wyvern skeleton (D:13)
  A hornet simulacrum (D:8)
  4 killer bees (D:11)
  3 troll zombies (D:9)
  13 wights
  5 howler monkeys
  2 electric eels
  A bullfrog zombie (D:12)
  6 crimson imps
  3 centaur skeletons
  A wyvern simulacrum (D:8)
  3 centaur zombies
  12 hounds
  16 jellies
  15 orc priests
  A hound (shapeshifter) (D:13)
  2 bullfrog skeletons
  Jessica (D:2)
  7 iguanas
  20 orc wizards
  15 worker ants
  A centaur simulacrum (D:8)
  4 ogre zombies (D:9)
  2 hound skeletons
  2 worker ant zombies
  12 adders
  3 hound simulacra (D:8)
  7 shadow imps
  15 white imps
  18 oozes
  An adder zombie (D:5)
  2 worms
  3 dart slugs
  2 adder simulacra (D:8)
  9 leopard geckos
  92 orcs
  7 giant cockroaches
  9 goblins
  6 hobgoblins
  14 jackals
  27 kobolds
  9 quokkas
  3 ball pythons
  A ball python skeleton (D:5)
  8 bats
  4 frilled lizards
  A giant cockroach zombie (D:5)
  2 goblin skeletons (D:9)
  2 goblin zombies (D:9)
  A hobgoblin skeleton (D:9)
  3 hobgoblin zombies (D:9)
  A leopard gecko skeleton (D:4)
  3 orc skeletons (D:9)
  14 orc zombies (D:9)
  7 rats
  A spectral orc (D:3)
  A briar patch (Swamp:1)
1335 creatures vanquished.

Vanquished Creatures (collateral kills)
  An emperor scorpion (Spider:4)
  2 death yaks
  2 orc sorcerers (Orc:1)
  A komodo dragon (D:14)
  A freezing wraith (D:14)
7 creatures vanquished.

Vanquished Creatures (others)
  A spriggan druid (Swamp:4)
  54 fungi
  28 plants
  7 toadstools (Lair:2)
90 creatures vanquished.

Grand Total: 1432 creatures vanquished

Notes
Turn   | Place    | Note
-------+----------+-------------------------------------------
     0 | D:1      | MisterFreud the Felid Berserker began the quest for the
                  | Orb.
     0 | D:1      | Reached XP level 1. HP: 10/10 MP: 2/2
   320 | D:1      | Reached XP level 2. HP: 9/14 MP: 3/3
   743 | D:2      | Reached XP level 3. HP: 16/18 MP: 4/4
   765 | D:2      | Reached ** piety under Trog
   971 | D:2      | Reached skill level 5 in Fighting
   971 | D:2      | Reached XP level 4. HP: 15/23 MP: 5/5
  1260 | D:2      | Noticed Jessica
  1284 | D:2      | Killed Jessica
  1284 | D:2      | Reached skill level 1 in Stealth
  1632 | D:2      | Found a glowing golden altar of the Shining One,
  1934 | D:3      | Reached XP level 5. HP: 24/26 MP: 6/6
  2470 | D:3      | Reached *** piety under Trog
  2633 | D:3      | Reached skill level 5 in Dodging
  2889 | D:3      | Found a basalt altar of Yredelemnul,
  3222 | D:4      | Noticed an ogre
  3233 | D:4      | Killed an ogre
  3233 | D:4      | Gained mutation: You are covered in thick fur. (AC +2)
                  | [Felid growth]
  3233 | D:4      | Reached XP level 6. HP: 30/30 MP: 7/7
  3909 | D:4      | Reached skill level 6 in Dodging
  3909 | D:4      | Reached XP level 7. HP: 20/33 MP: 8/8
  4150 | D:4      | Reached skill level 5 in Stealth
  4292 | D:4      | Found a white marble altar of Elyvilon,
  4442 | D:5      | Entered Level 5 of the Dungeon
  4646 | D:5      | Reached skill level 5 in Unarmed Combat
  4666 | D:5      | Reached skill level 7 in Dodging
  4709 | D:5      | Reached **** piety under Trog
  4916 | D:5      | Found a staircase to the Ecumenical Temple,
  4964 | D:5      | Reached skill level 8 in Dodging
  5331 | D:5      | Reached XP level 8. HP: 37/37 MP: 9/9
  6147 | D:6      | Found Zin's Purification Station,
  6150 | D:6      | Found a glowing silver altar of Zin,
  6237 | D:6      | Found a runed translucent gate,
  6237 | D:6      | Found a runed translucent gate,
  6237 | D:6      | Found a runed translucent gate,
  6237 | D:6      | Noticed Thantalas's ghost (novice TrFi)
  6238 | D:6      | Identified the +5 dagger "Concordance" {chaos, rF- Dex+7
                  | SInv}
  6511 | D:7      | Reached skill level 9 in Dodging
  6804 | D:7      | Reached XP level 9. HP: 42/42 MP: 10/10
  6912 | D:7      | Found a shadowy altar of Dithmenos,
  6955 | D:7      | Found an ancient bone altar of Kikubaaqudgha,
  6967 | D:7      | Found a radiant altar of Vehumet,
  7716 | D:8      | Found Qoefucue's Jewellery Shoppe,
  7745 | D:8      | Noticed a two-headed ogre
  7756 | D:8      | Killed a two-headed ogre
  7756 | D:8      | Reached skill level 10 in Dodging
  7897 | D:8      | Noticed a polar bear
  7948 | D:8      | Reached ***** piety under Trog
  7976 | D:8      | Noticed a polar bear
  7993 | D:8      | Killed a polar bear
  8381 | D:8      | Found Usanweso's General Store,
  8411 | D:8      | Reached skill level 11 in Dodging
  8759 | D:8      | Reached XP level 10. HP: 44/48 MP: 11/11
  8938 | D:8      | Found Moago's Distillery,
  8960 | D:8      | Bought a potion of heal wounds for 80 gold pieces
  8960 | D:8      | Bought a potion of heal wounds for 80 gold pieces
  8960 | D:8      | Bought a potion of resistance for 160 gold pieces
  8960 | D:8      | Bought a potion of haste for 160 gold pieces
  8960 | D:8      | Bought a potion of might for 64 gold pieces
  8978 | D:8      | Found a burning altar of Makhleb,
  9049 | D:8      | Reached skill level 12 in Dodging
  9314 | D:8      | Found a shimmering altar of Xom,
  9505 | D:9      | Found a stormy altar of Qazlal,
  9529 | D:9      | Found a staircase to the Orcish Mines,
 10399 | D:9      | Noticed an elephant
 10456 | D:9      | Killed an elephant
 10544 | D:9      | Reached skill level 10 in Stealth
 10554 | D:8      | Found Fysamoq's Assorted Antiques,
 10585 | D:8      | Bought a white potion for 26 gold pieces
 10585 | D:8      | Bought a scroll labeled VUUCRA PYENTI for 29 gold pieces
 10585 | D:8      | Bought a scroll labeled BYVIOD XEYM for 29 gold pieces
 10664 | D:9      | Found a runed translucent door,
 10710 | D:9      | Found a staircase to the Lair,
 10771 | D:9      | Reached skill level 13 in Dodging
 10796 | D:9      | Reached XP level 11. HP: 28/53 MP: 12/12
 11456 | D:10     | Entered Level 10 of the Dungeon
 11582 | D:10     | Found the +3 salamander hide armour {+Rage rF++}
 12799 | D:11     | Noticed an orc knight
 13338 | D:11     | Reached ****** piety under Trog
 13460 | D:11     | Noticed a two-headed ogre
 13462 | D:11     | Killed a two-headed ogre
 13462 | D:11     | Reached skill level 10 in Fighting
 13462 | D:11     | Reached skill level 14 in Dodging
 13462 | D:11     | Reached skill level 10 in Unarmed Combat
 13615 | D:11     | Reached skill level 15 in Dodging
 14088 | D:11     | Gained mutation: Your thick and shaggy fur keeps you warm.
                  | (AC +3, rC+) [Felid growth]
 14088 | D:11     | Reached XP level 12. HP: 49/57 MP: 13/13
 14474 | D:11     | Reached skill level 16 in Dodging
 14596 | D:12     | Noticed a two-headed ogre
 14623 | D:11     | Reached skill level 1 in Evocations
 14627 | D:11     | Killed a two-headed ogre
 14861 | D:12     | Noticed a two-headed ogre
 14871 | D:11     | Slain by a troll
 14872 | D:11     | Reached XP level 11. HP: -2/79 MP: 14/14
 14988 | D:11     | Killed a two-headed ogre
 15003 | D:11     | Killed an orc knight
 15003 | D:11     | Reached skill level 5 in Evocations
 15248 | D:12     | Noticed an unseen horror
 15252 | D:12     | Killed an unseen horror
 15261 | D:12     | Noticed an unseen horror
 15266 | D:12     | Noticed a two-headed ogre
 15279 | D:12     | Killed an unseen horror
 15284 | D:12     | Killed a two-headed ogre
 15590 | D:12     | Noticed a white ugly thing
 15823 | D:12     | Noticed a red ugly thing
 15836 | D:12     | Killed a red ugly thing
 16021 | Lair:1   | Entered Level 1 of the Lair of Beasts
 16118 | Lair:1   | Found a transporter,
 16224 | Lair:1   | Reached XP level 12. HP: 28/60 MP: 17/17
 16733 | Lair:1   | Found a transporter,
 16825 | Lair:1   | Noticed Nergalle
 16836 | Lair:1   | Killed Nergalle
 17220 | Lair:2   | Found a hole to the Spider Nest,
 17273 | Lair:2   | Noticed a seven-headed hydra
 17290 | Lair:2   | Killed a seven-headed hydra
 17291 | Lair:2   | Noticed Harold
 17401 | Lair:2   | Noticed Maggie
 17408 | Lair:2   | Killed Maggie
 17442 | Lair:2   | Noticed a six-headed hydra
 17485 | Lair:2   | Killed a six-headed hydra
 17523 | Lair:2   | Killed Harold
 18118 | Lair:2   | Noticed a dire elephant
 18118 | Lair:2   | Noticed a catoblepas
 18139 | Lair:2   | Found a runed translucent door,
 18728 | Lair:3   | Noticed a six-headed hydra
 18744 | Lair:3   | Killed a six-headed hydra
 18748 | Lair:3   | Noticed a four-headed hydra
 18757 | Lair:3   | Killed a four-headed hydra
 18837 | Lair:3   | Noticed an eight-headed hydra
 18844 | Lair:3   | Killed an eight-headed hydra
 18849 | Lair:3   | Noticed a five-headed hydra
 18865 | Lair:3   | Killed a five-headed hydra
 19124 | Lair:3   | Reached XP level 13. HP: 49/65 MP: 18/18
 19139 | Lair:3   | Noticed Rupert
 19191 | Lair:3   | Killed Rupert
 22319 | Lair:4   | Found a staircase to the Swamp,
 23990 | Lair:5   | Reached XP level 14. HP: 71/72 MP: 19/19
 24594 | Lair:6   | Entered Level 6 of the Lair of Beasts
 25817 | Lair:6   | Noticed Snorg
 25856 | Lair:6   | Killed Snorg
 27583 | Lair:6   | Reached skill level 15 in Fighting
 27598 | Lair:6   | Reached skill level 15 in Unarmed Combat
 28645 | D:9      | Reached skill level 10 in Evocations
 28711 | D:9      | Found a roughly hewn altar of Beogh,
 28864 | D:12     | You fall into a shaft and drop 1 floor!
 29143 | D:13     | Reached XP level 15. HP: 77/77 MP: 23/23
 30941 | D:14     | Found a gate to the Vaults,
 30941 | D:14     | Noticed Urug
 32125 | D:14     | Found a snail-covered altar of Cheibriados,
 32236 | D:14     | Reached skill level 17 in Dodging
 32249 | D:14     | Killed Urug
 33283 | D:14     | Found the +2 hat of the Bear Spirit {Spirit, +Rage rN+
                  | MR++}
 33460 | D:15     | Entered Level 15 of the Dungeon
 34136 | D:15     | Found a staircase to the Depths,
 34637 | Orc:1    | Entered Level 1 of the Orcish Mines
 34761 | Orc:1    | Found a roughly hewn altar of Beogh,
 35232 | Orc:1    | Found Oshrowkaf's Magic Scroll Boutique,
 35252 | Orc:1    | Reached XP level 16. HP: 33/82 MP: 24/24
 35537 | Orc:1    | Found Tidwuesm's Weapon Shop,
 35539 | Orc:1    | Found Gaobuamomiu's Armour Boutique,
 35682 | Orc:1    | Bought a scroll of fear for 59 gold pieces
 35833 | Orc:2    | Entered Level 2 of the Orcish Mines
 36148 | Orc:2    | Found Liziese's Book Shop,
 36196 | Orc:2    | Reached skill level 18 in Dodging
 36250 | Orc:1    | Found Impuph's Book Emporium,
 36328 | Orc:1    | Found Jevvuah's Gadget Boutique,
 36360 | Orc:2    | Found a staircase to the Elven Halls,
 36676 | Orc:2    | Found Oxtuddih's Antique Weapon Boutique,
 37229 | Orc:2    | Found Domiehi's Gadget Emporium,
 37447 | Orc:2    | Found Yciykap's Jewellery Shop,
 37621 | Orc:2    | Bought a wand of clouds (7) for 429 gold pieces
 37621 | Orc:2    | Bought a box of beasts for 260 gold pieces
 37621 | Orc:2    | Bought a phial of floods for 520 gold pieces
 37621 | Orc:2    | Bought a wand of paralysis (4) for 78 gold pieces
 37666 | Orc:1    | Bought a wand of paralysis (12) for 210 gold pieces
 37666 | Orc:1    | Bought a box of beasts for 300 gold pieces
 37765 | Spider:1 | Entered Level 1 of the Spider Nest
 38451 | Orc:2    | Bought a wand of polymorph (8) for 130 gold pieces
 41366 | Spider:2 | Found a runed translucent gate,
 41367 | Spider:2 | Found a runed translucent gate,
 41367 | Spider:2 | Noticed Armakuni's ghost (adept HuMo)
 41777 | Spider:2 | Noticed Agnes
 41820 | Spider:2 | Killed Agnes
 42036 | Spider:2 | Found a runed translucent gate,
 42705 | Spider:3 | Reached skill level 19 in Dodging
 43067 | Spider:3 | Reached XP level 17. HP: 85/88 MP: 25/25
 44669 | Spider:4 | Entered Level 4 of the Spider Nest
 45244 | Spider:4 | HP: 4/88 [redback (13)]
 48337 | Spider:4 | Got a gossamer rune of Zot
 48586 | Swamp:1  | Entered Level 1 of the Swamp
 48866 | Swamp:1  | Slain by a shambling mangrove
 48867 | Swamp:1  | Reached XP level 16. HP: -5/84 MP: 25/25
 50311 | Swamp:1  | Noticed a thorn hunter
 50329 | Swamp:1  | Killed a thorn hunter
 51834 | Swamp:2  | Reached XP level 17. HP: 88/88 MP: 26/26
 53018 | Swamp:3  | Noticed Louise
 53178 | Swamp:3  | Killed Louise
 53712 | Swamp:4  | Entered Level 4 of the Swamp
 54200 | Swamp:4  | Reached skill level 20 in Dodging
 55468 | Swamp:4  | Got a decaying rune of Zot
 55879 | Swamp:4  | HP: 5/133 [hornet (6)]
 55879 | Swamp:4  | Demolished by a swamp worm
 55880 | Swamp:4  | Reached XP level 16. HP: -15/127 MP: 26/26
 55955 | Swamp:4  | HP: 1/127 [alligator (28)]
 55961 | Swamp:4  | Demolished by a spriggan rider

Levels and vault maps discovered:
D:1:      psy_arrival_radial01, layout_basic
D:2:      layout_basic, marbit_many_paths, chequers_serial_rivers_micro_d,
          uniq_jessica
D:3:      layout_loops_ring, yredelemnul_forgotten_temple_becter,
          minmay_misc_feat_diagonals, minmay_misc_feat_rows,
          corexii_leaking_fountain, minmay_fractal_squares_5
D:4:      minmay_inner_zag, layout_loops_corners, kennysheep_mini, first_ration
D:5:      layout_gridville, minmay_temple_entry_trees
D:6:      layout_loops_corners, zin_purify, gammafunk_ghost_nasty_kobolds,
          minmay_checkerbox
D:7:      layout_gridville, nicolae_overflow_crystal_walls,
          amethyst_overflow_temple_binary
D:8:      layout_cave_pools, kennysheep_mini_moat, serial_shops, shop, shop,
          nicolae_shop_temple_entry_statues_fountains, nicolae_shop_statue_plus,
          shop, serial_ice, serial_ice_k, serial_ice_f, serial_ice_h,
          serial_ice_e, serial_ice_d, serial_ice_g, serial_ice_m, serial_ice_n,
          serial_ice_o, serial_ice_b, basic_altar
D:9:      layout_rooms, david_lair_generic, zombieorc2_lemuel, basic_altar,
          hangedman_little_slice_of_home, lightli_church_of_beogh
D:10:     layout_loops_corners, kennysheep_crisscross
D:11:     layout_roguey [special_room_orc]
D:12:     layout_rooms, portal_ice_cave_entry_imps, roderic_serpentine_path
D:13:     layout_stronghold
D:14:     minmay_octagon_keep, layout_irregular_city, david_vaults_3,
          cheibriados_altar_1
D:15:     grunt_enter_depths_snipers, layout_rooms
Lair:1:   gammafunk_cloud_chamber, layout_regular_city, uniq_nergalle
Lair:2:   gammafunk_lair_enchanted_lake, layout_regular_city,
          spider_nest_entry_web_field, st_stairs_12, minivault_11,
          chequers_serial_rivers_small_a, minivault_26, patterned_corridor,
          uniq_maggie, uniq_harold
Lair:3:   lemuel_slime, layout_layer_cave, grunt_forest_large_clearing_hut,
          uniq_rupert
Lair:4:   layout_gridlike, palyth_hydra_swamp_entry
Lair:5:   mu_elephants_graveyard, layout_long_grid,
          minmay_slime_entry_oklob_open, chequers_serial_rivers_room_b,
          serial_bayou_shore_a, uniq_urug
Lair:6:   hangedman_lair_caniforms_friends, layout_loops_ring, uniq_snorg
Swamp:1:  layout_basic_swamp, hangedman_swamp_ruin_wall, swamp_pool1,
          infiniplex_staircase_pool
Swamp:2:  layout_falls_marsh, nicolae_swamp_dense_foliage
Swamp:3:  layout_falls_marsh, evilmike_swamp_ruin_wall, uniq_louise
Swamp:4:  swamp_alternative, layout_basic_swamp, swamp_pool2,
          hangedman_swamp_dais
Spider:1: layout_spider_delve
Spider:2: layout_spider_delve, gammafunk_ghost_split,
          nicolae_spider_stair_cavern, uniq_agnes
Spider:3: layout_chambers
Spider:4: grunt_spider_rune_circles, nicolae_spider_webbed_stairs
Orc:1:    nicolae_orc_accident_2, layout_caves, serial_shops, shop,
          nicolae_shop_behind_doors, shop, shop, guppyfry_orc_lava_fort
Orc:2:    st_orc_open, layout_caves

Skill      XL: |  1  2  3  4  5  6  7  8  9 10 11 12 13 14 15 16 17 |
---------------+----------------------------------------------------+-----
Fighting       | 4 5 6 7 9 11 12 14 15 16 17 | 17.9
Stealth        | 1 3 4 5 7 8 10 13 12 | 13.9
Dodging        | 5 6 8 9 11 13 15 16 17 19 20 | 20.0
Unarmed Combat | 4 5 6 8 9 11 12 14 15 16 17 | 17.9
Evocations     | 6 3 10 12 | 12.5

Action                   |  1- 3 |  4- 6 |  7- 9 | 10-12 | 13-15 | 16-18 || total
-------------------------+-------+-------+-------+-------+-------+-------++-------
Melee: Unarmed           |    71 |   221 |   302 |  1172 |  1685 |  1709 ||  5160
       Bite              |    11 |    16 |    38 |   179 |   242 |   240 ||   726
       Punch             |       |     6 |    10 |    84 |   160 |   184 ||   444
Invok: Berserk           |     1 |     4 |     8 |    29 |    42 |    45 ||   129
       Trog's Hand       |       |       |     1 |    17 |    19 |    23 ||    60
       Brothers in Arms  |       |       |       |       |     5 |     2 ||     7
Evoke: Wand              |       |       |       |    11 |     9 |    40 ||    60
  Use: Scroll            |       |       |    17 |     8 |    11 |     5 ||    41
       Potion            |       |       |       |       |       |     6 ||     6
 Stab: Sleeping          |     3 |     9 |    20 |    33 |    35 |    38 ||   138
       Distracted        |       |       |     1 |     6 |     1 |    15 ||    23
       Paralysed         |       |       |       |     1 |       |       ||     1
  Eat: Chunk             |     7 |     9 |    15 |    65 |    84 |    83 ||   263
       Ration            |       |       |       |       |       |     4 ||     4
Armor: Skin              |     6 |    10 |     9 |    21 |    40 |    39 ||   125
Dodge: Dodged            |    56 |   197 |   238 |  1078 |  1709 |  2488 ||  5766

Table legend:
 A = Non-vault XP
 B = Vault XP
 C = Vault XP percentage of total XP
 D = Non-vault monster count
 E = Vault monster count
 F = Vault count percentage of total count
                 A         B        C        D         E       F
            +---------+---------+-------+---------+---------+-------
      Total |  224255 |  108964 |  32.7 |     949 |     393 |  29.3
            +---------+---------+-------+---------+---------+-------
        D:1 |      15 |       0 |   0.0 |       9 |       0 |   0.0
        D:2 |     140 |      39 |  21.8 |      34 |       2 |   5.6
        D:3 |     112 |      25 |  18.2 |      31 |       9 |  22.5
        D:4 |     386 |      76 |  16.5 |      17 |       3 |  15.0
        D:5 |     690 |       0 |   0.0 |      18 |       0 |   0.0
        D:6 |     345 |       3 |   0.9 |       8 |       1 |  11.1
        D:7 |    1187 |     538 |  31.2 |      24 |       3 |  11.1
        D:8 |    3531 |    1420 |  28.7 |      38 |      18 |  32.1
        D:9 |     897 |    3348 |  78.9 |      24 |      61 |  71.8
       D:10 |    3168 |       0 |   0.0 |      33 |       0 |   0.0
       D:11 |   11401 |    1356 |  10.6 |      66 |      26 |  28.3
       D:12 |    5981 |     125 |   2.0 |      32 |      12 |  27.3
       D:13 |   14671 |     333 |   2.2 |      68 |       2 |   2.9
       D:14 |   16360 |    9582 |  36.9 |      46 |      28 |  37.8
       D:15 |    7834 |    2508 |  24.3 |      20 |       3 |  13.0
     Lair:1 |    2588 |     785 |  23.3 |      17 |       1 |   5.6
     Lair:2 |    3066 |    3894 |  55.9 |      14 |       7 |  33.3
     Lair:3 |    6834 |    5210 |  43.3 |      22 |      24 |  52.2
     Lair:4 |    8731 |    2928 |  25.1 |      38 |       7 |  15.6
     Lair:5 |    9991 |    8509 |  46.0 |      26 |      19 |  42.2
     Lair:6 |   12594 |   11497 |  47.7 |      34 |      56 |  62.2
    Swamp:1 |   21308 |       0 |   0.0 |      37 |       0 |   0.0
    Swamp:2 |    8867 |       0 |   0.0 |      23 |       0 |   0.0
    Swamp:3 |    6658 |    9080 |  57.7 |      15 |      15 |  50.0
    Swamp:4 |    8792 |    5727 |  39.4 |      27 |       9 |  25.0
   Spider:1 |   19477 |       0 |   0.0 |      57 |       0 |   0.0
   Spider:2 |   16441 |    2304 |  12.3 |      51 |       1 |   1.9
   Spider:3 |   13834 |    1568 |  10.2 |      41 |       4 |   8.9
   Spider:4 |   14305 |   19159 |  57.3 |      36 |      34 |  48.6
      Orc:1 |    1213 |    3251 |  72.8 |      15 |      11 |  42.3
      Orc:2 |    2838 |   15699 |  84.7 |      28 |      37 |  56.9
            +---------+---------+-------+---------+---------+-------
